AoeStats
← ALVICEN

Oasis

510069867Analyzed
4v4 RM · 1d ago on Sep 29, 2026· 62m 31s· 8 players
Game mode
Random Map
Map size
Large (8 player)
Population
200
Speed
Normal
Resources
Standard
Victory
Conquest
Starting age
Dark Age
Ending age
Imperial Age
RankedLock teamsTeams togetherTeam positionsShared explorationLock speedFull tech treeHidden civsTurbo modeCheats
Victory
Defeat
🇬🇧 Portuguese · United Kingdom
802
+15
🇮🇱 Huns · Israel
742
+18
🇮🇹 Spanish · Italy
723
+19
🇪🇸 Celts · Spain
716
+19
🇩🇪 Tatars · Germany
855
-20
🇩🇪 Huns · Germany
844
-57
🇩🇪 Franks · Germany
833
-56
🇩🇪 Britons · Germany
605
-27
ALVICEN
0:26 Loom
9:58 Feudal Age
11:16 Wheelbarrow
11:33 Town Watch
15:45 Double-Bit Axe
15:47 Horse Collar
20:57 Castle Age
20:55 Man-at-Arms
23:07 Hand Cart
22:49 Gambesons
25:54 Forging
25:37 Fletching
25:57 Heavy Plow
28:41 Stronghold
29:49 Bow Saw
29:20 Pikeman
34:04 Fortified Wall
34:14 Masonry
34:27 Ballistics
34:31 Caravan
35:24 Murder Holes
37:04 Forging
36:50 Bodkin Arrow
41:45 Iron Casting
41:32 Stone Mining
41:32 Gold Mining
49:24 Imperial Age
47:01 Town Patrol
47:42 Stone Shaft Mining
47:45 Gold Shaft Mining
47:12 Scale Mail Armor
47:15 Padded Archer Armor
47:20 Scale Barding Armor
49:33 Capped Ram
49:35 Heavy Scorpion
50:41 Conscription
50:34 Furor Celtica
49:44 Elite Woad Raider
51:33 Blast Furnace
50:51 Chain Mail Armor
51:50 Chemistry
50:57 Siege Engineers
57:06 Siege Ram
57:29 Halberdier
57:58 Arson
58:50 Plate Mail Armor
Velox_M_B
0:28 Loom
11:45 Feudal Age
12:12 Double-Bit Axe
12:10 Horse Collar
12:38 Gold Mining
13:55 Wheelbarrow
20:58 Castle Age
19:33 Stone Mining
20:36 Scale Barding Armor
22:12 Bow Saw
22:04 Heavy Plow
22:46 Husbandry
24:40 Stone Shaft Mining
26:33 Fervor
27:38 Caravan
28:53 Hand Cart
28:18 Light Cavalry
32:30 Town Watch
35:31 Imperial Age
32:37 Elite Skirmisher
33:25 Thumb Ring
34:08 Fletching
34:20 Padded Archer Armor
34:45 Ballistics
34:21 Murder Holes
35:26 Squires
34:48 Pikeman
35:20 Arson
36:40 Conscription
35:48 Cavalier
38:12 Two-Man Saw
37:16 Bodkin Arrow
38:45 Elite Conquistador
40:06 Bracer
40:22 Leather Archer Armor
41:56 Chain Barding Armor
43:50 Chemistry
45:31 Plate Barding Armor
45:43 Hoardings
48:25 Ring Archer Armor
48:34 Town Patrol
48:48 Gambesons
50:54 Halberdier
53:57 Forging
53:48 Scale Mail Armor
56:31 Inquisition
57:42 Sanctity
57:40 Block Printing
57:51 Illumination
58:03 Theocracy
57:45 Redemption
57:38 Devotion
57:39 Atonement
Brido1970
11:04 Feudal Age
10:13 Loom
11:34 Double-Bit Axe
18:33 Castle Age
17:19 Horse Collar
19:07 Forging
21:30 Bow Saw
24:14 Scale Barding Armor
26:02 Bloodlines
26:47 Gold Mining
27:40 Stone Mining
28:32 Husbandry
28:43 Guard Tower
32:15 Iron Casting
38:19 Imperial Age
36:46 Heavy Plow
37:27 Chain Barding Armor
38:09 Wheelbarrow
37:32 Light Cavalry
39:06 Ballistics
38:30 Cavalier
40:33 Blast Furnace
40:40 Two-Man Saw
42:39 Chemistry
42:47 Masonry
42:48 Caravan
44:08 Plate Barding Armor
44:30 Fletching
46:45 Conscription
47:08 Arquebus
47:28 Pikeman
52:48 Bodkin Arrow
52:54 Scale Mail Armor
52:57 Padded Archer Armor
53:12 Halberdier
54:34 Chain Mail Armor
54:21 Bracer
54:39 Hand Cart
56:24 Keep
58:37 Architecture
58:32 Bombard Tower
58:11 Murder Holes
59:19 Elite Organ Gun
61:46 Siege Engineers
Sam-Ba-Kaka
10:36 Feudal Age
12:19 Wheelbarrow
11:32 Double-Bit Axe
15:29 Horse Collar
22:08 Castle Age
20:11 Stone Mining
24:10 Gold Mining
25:52 Heavy Plow
26:41 Bow Saw
27:09 Hand Cart
27:34 Gold Shaft Mining
28:51 Caravan
29:53 Forging
29:48 Scale Barding Armor
30:29 Marauders
31:09 Iron Casting
35:28 Imperial Age
35:29 Chain Barding Armor
36:44 Conscription
37:11 Guilds
39:10 Two-Man Saw
37:44 Elite Tarkan
40:33 Husbandry
40:47 Bloodlines
40:05 Cavalier
41:11 Paladin
43:42 Plate Barding Armor
44:07 Blast Furnace
44:13 Blast Furnace
48:15 Chemistry
47:36 Ballistics
Bombardiro Croccodilo
10:23 Feudal Age
11:27 Double-Bit Axe
18:27 Castle Age
18:10 Padded Archer Armor
18:01 Fletching
18:02 Horse Collar
21:08 Pikeman
23:17 Bow Saw
24:10 Heavy Plow
25:18 Stone Mining
27:47 Forging
29:29 Bodkin Arrow
32:07 Leather Archer Armor
35:17 Imperial Age
34:01 Iron Casting
33:27 Scale Mail Armor
33:50 Gold Mining
34:38 Ballistics
35:37 Gold Shaft Mining
37:00 Blast Furnace
36:32 Capped Ram
36:39 Heavy Cavalry Archer
38:37 Chemistry
38:27 Wheelbarrow
37:37 Town Watch
37:38 Loom
38:30 Crop Rotation
39:01 Silk Armor
40:01 Ring Archer Armor
39:32 Bracer
40:03 Hand Cart
39:48 Town Patrol
39:17 Elite Skirmisher
39:59 Siege Ram
41:28 Timurid Siegecraft
41:38 Conscription
42:05 Bombard Tower
41:27 Halberdier
42:07 Squires
44:08 Scale Barding Armor
56:14 Elite Keshik
drache
12:18 Feudal Age
13:34 Double-Bit Axe
17:35 Castle Age
16:01 Horse Collar
19:30 Gold Mining
25:30 Gold Shaft Mining
24:46 Stone Mining
26:27 Stone Mining
28:51 Heavy Plow
29:06 Bow Saw
31:44 Pikeman
36:44 Ballistics
37:09 Padded Archer Armor
36:59 Fletching
hck
11:29 Feudal Age
18:09 Castle Age
17:02 Scale Barding Armor
17:08 Forging
16:59 Scale Mail Armor
19:54 Chain Barding Armor
20:08 Husbandry
21:31 Pikeman
22:13 Squires
26:00 Horse Collar
26:10 Double-Bit Axe
26:38 Gold Mining
26:44 Stone Mining
29:51 Bow Saw
29:44 Heavy Plow
30:22 Gold Shaft Mining
30:51 Chain Mail Armor
31:11 Iron Casting
30:40 Padded Archer Armor
30:32 Fletching
35:23 Imperial Age
34:20 Marauders
36:58 Plate Barding Armor
37:24 Blast Furnace
36:44 Leather Archer Armor
36:25 Bodkin Arrow
36:16 Cavalier
39:21 Ballistics
39:15 Masonry
39:22 Paladin
42:01 Parthian Tactics
43:16 Thumb Ring
42:33 Crossbowman
48:39 Elite Skirmisher
scandalous player
11:25 Feudal Age
20:02 Castle Age
20:40 Double-Bit Axe
20:51 Gold Mining
22:13 Gold Shaft Mining
21:55 Bow Saw
22:57 Scale Mail Armor
24:12 Chain Mail Armor
25:21 Stone Mining
25:40 Elite Skirmisher
32:34 Imperial Age
31:41 Pikeman
33:54 Plate Mail Armor
33:29 Scale Barding Armor
33:25 Padded Archer Armor
33:36 Forging
34:16 Halberdier
36:21 Chain Barding Armor
37:25 Cavalier
37:35 Crossbowman
39:29 Paladin
44:04 Plate Barding Armor
44:05 Iron Casting
50:36 Light Cavalry
56:34 Heavy Scorpion
Connection lost

Rejoining the realm…

Still unreachable

The connection could not be restored.

Session expired

The server has moved on; the page needs a fresh start.